3A
GRAND FORKS CATERPILLARS @ MANCELONA TORCH
08/20/2038
 
TOP OF THE 1ST
Grand Forks Caterpillars batting - Pitching for Mancelona Torch : RHP Yong-oon Cho
Pitching: RHP Yong-oon Cho
Batting: LHB Armando Ventura 0-0: Called Strike
0-1: Ball
1-1: Called Strike
1-2: Ball
2-2: Strikes out swinging
Batting: SHB César Enríques 0-0: Ground out 6-3 (Groundball, 6S, EV 84.4 MPH)
Batting: LHB Keaton Kringlen 0-0: Called Strike
0-1: SINGLE (Groundball, 34S, EV 83.8 MPH) (infield hit)
Batting: RHB Dima Tabakaev 0-0: Ball
1-0: Ball
2-0: SINGLE (Line Drive, 8LS, EV 96.9 MPH)
Keaton Kringlen to second
Batting: LHB Hsui-chuan Tsou 0-0: Foul Ball, location: 2F
0-1: Swinging Strike
0-2: Ball
1-2: Ball
2-2: Ball
3-2: Strikes out swinging
Top of the 1st over - 0 runs, 2 hits, 0 errors, 2 left on base; Grand Forks 0 - Mancelona 0
BOTTOM OF THE 1ST
Mancelona Torch batting - Pitching for Grand Forks Caterpillars : LHP Mark Greenwood
Pitching: LHP Mark Greenwood
Batting: RHB Tristan Powell 0-0: Ball
1-0: Fly out, F8 (Flyball, 8RS, EV 89.4 MPH)
Batting: RHB Thinley Tshering 0-0: Called Strike
0-1: Ball
1-1: Ball
2-1: Foul Ball, location: 2F
2-2: Ball
3-2: SINGLE (Line Drive, 6M, EV 98.1 MPH)
Batting: RHB Cam Lumsden 0-0: Ball
1-0: Called Strike
1-1: Foul Ball, location: 2F
1-2: Ball
2-2: Foul Ball, location: 2F
2-2: Grounds into double play, 5-4-3 (Groundball, 5, EV 92.5 MPH)
Bottom of the 1st over - 0 runs, 1 hit, 0 errors, 0 left on base; Grand Forks 0 - Mancelona 0
TOP OF THE 2ND
Grand Forks Caterpillars batting - Pitching for Mancelona Torch : RHP Yong-oon Cho
Batting: RHB Sam McConnell 0-0: Ball
1-0: Foul Ball, location: 2F
1-1: Ball
2-1: Ground out 6-3 (Groundball, 6, EV 100.6 MPH)
Batting: RHB Joe Galonzo 0-0: Ball
1-0: Ball
2-0: Ball
3-0: Called Strike
3-1: Base on Balls
Batting: RHB Eugene Bradley 0-0: Ball
1-0: Called Strike
1-1: Foul Ball, location: 2F
1-2: Ball
2-2: Ball
3-2: Base on Balls
Joe Galonzo to second
Batting: RHB Bert Allison 0-0: Ball
1-0: Foul Ball, location: 2F
1-1: Ball
2-1: Foul Ball, location: 2F
2-2: Ball
3-2: Foul Ball, location: 2F
3-2: Foul Ball, location: 2F
3-2: Foul Ball, location: 2F
3-2: Fielders Choice at 2nd, 3-6 (Groundball, 3, EV 90.0 MPH)
Joe Galonzo to third
Batting: LHB Armando Ventura 0-0: Foul Ball, location: 2F
0-1: Ball
1-1: Swinging Strike
1-2: SINGLE (Groundball, 15S, EV 65.0 MPH) (infield hit)
Joe Galonzo scores
Bert Allison to second
Batting: SHB César Enríques 0-0: Fly out, F7 (Flyball, 7LM, EV 86.2 MPH)
Top of the 2nd over - 1 run, 1 hit, 0 errors, 2 left on base; Grand Forks 1 - Mancelona 0
BOTTOM OF THE 2ND
Mancelona Torch batting - Pitching for Grand Forks Caterpillars : LHP Mark Greenwood
Batting: RHB Cristóbal Arroyo 0-0: Swinging Strike
0-1: Ball
1-1: Ball
2-1: Foul Ball, location: 2F
2-2: Strikes out swinging
Batting: RHB Izaak Gerkis 0-0: Called Strike
0-1: Ball
1-1: Called Strike
1-2: Strikes out swinging
Batting: SHB Silvio Capitanio 0-0: Called Strike
0-1: Called Strike
0-2: Ground out 4-3 (Groundball, 4M, EV 109.4 MPH)
Bottom of the 2nd over - 0 runs, 0 hits, 0 errors, 0 left on base; Grand Forks 1 - Mancelona 0
TOP OF THE 3RD
Grand Forks Caterpillars batting - Pitching for Mancelona Torch : RHP Yong-oon Cho
Batting: LHB Keaton Kringlen 0-0: DOUBLE (Line Drive, 9LM, EV 106.2 MPH)
Batting: RHB Dima Tabakaev 0-0: DOUBLE (Line Drive, 89M, EV 106.9 MPH)
Keaton Kringlen scores
Batting: LHB Hsui-chuan Tsou 0-0: Ball
1-0: Called Strike
1-1: Swinging Strike
1-2: Ground out 4-3 (Groundball, 4M, EV 102.5 MPH)
Dima Tabakaev to third
Batting: RHB Sam McConnell 0-0: Ball
1-0: Ball
2-0: Fly out, F6 (Line Drive, 6, EV 70.6 MPH)
Batting: RHB Joe Galonzo 0-0: Ground out 5-3 (Groundball, 5, EV 85.0 MPH)
Top of the 3rd over - 1 run, 2 hits, 0 errors, 1 left on base; Grand Forks 2 - Mancelona 0
BOTTOM OF THE 3RD
Mancelona Torch batting - Pitching for Grand Forks Caterpillars : LHP Mark Greenwood
Batting: RHB Ken Joyner 0-0: Foul Ball, location: 2F
0-1: Ball
1-1: Ball
2-1: Swinging Strike
2-2: Foul Ball, location: 2F
2-2: Strikes out swinging
Batting: RHB Joe Havermeyer 0-0: Called Strike
0-1: Foul Ball, location: 2F
0-2: Strikes out swinging
Batting: LHB Jared Schneider 0-0: Ball
1-0: SINGLE (Groundball, 4MD, EV 93.8 MPH)
Batting: RHB Tristan Powell 0-0: Ball
1-0: Called Strike
1-1: Fly out, F7 (Line Drive, 7, EV 90.6 MPH)
Bottom of the 3rd over - 0 runs, 1 hit, 0 errors, 1 left on base; Grand Forks 2 - Mancelona 0
TOP OF THE 4TH
Grand Forks Caterpillars batting - Pitching for Mancelona Torch : RHP Yong-oon Cho
Batting: RHB Eugene Bradley 0-0: Foul Ball, location: 2F
0-1: Fly out, F7 (Line Drive, 7D, EV 98.8 MPH)
Batting: RHB Bert Allison 0-0: Ball
1-0: Ball
2-0: Called Strike
2-1: Foul Ball, location: 2F
2-2: Ball
3-2: Foul Ball, location: 2F
3-2: Foul Ball, location: 2F
3-2: Foul Ball, location: 2F
3-2: Strikes out swinging
Batting: LHB Armando Ventura 0-0: Foul Ball, location: 2F
0-1: Ball
1-1: Foul Ball, location: 2F
1-2: Foul Ball, location: 2F
1-2: Strikes out swinging
Top of the 4th over - 0 runs, 0 hits, 0 errors, 0 left on base; Grand Forks 2 - Mancelona 0
BOTTOM OF THE 4TH
Mancelona Torch batting - Pitching for Grand Forks Caterpillars : LHP Mark Greenwood
Batting: RHB Thinley Tshering 0-0: Ball
1-0: Called Strike
1-1: Swinging Strike
1-2: Ball
2-2: Strikes out swinging
Batting: RHB Cam Lumsden 0-0: Ball
1-0: Swinging Strike
1-1: Swinging Strike
1-2: Ball
2-2: Strikes out swinging
Batting: RHB Cristóbal Arroyo 0-0: Ball
1-0: Swinging Strike
1-1: Fly out, F9 (Flyball, 9LS, EV 78.1 MPH)
Bottom of the 4th over - 0 runs, 0 hits, 0 errors, 0 left on base; Grand Forks 2 - Mancelona 0
TOP OF THE 5TH
Grand Forks Caterpillars batting - Pitching for Mancelona Torch : RHP Yong-oon Cho
Batting: SHB César Enríques 0-0: Foul Ball, location: 2F
0-1: Ball
1-1: Ball
2-1: Ball
3-1: Base on Balls
Batting: LHB Keaton Kringlen 0-0: Called Strike
0-1: Ball
1-1: SINGLE (Line Drive, 4D, EV 96.9 MPH)
César Enríques to second
Runner from 2nd tries for 3rd, SAFE, no throw by CF
Batting: RHB Dima Tabakaev 0-0: Ball
1-0: Called Strike
1-1: Fly out, F8 (Flyball, 89D, EV 94.4 MPH)
Runner from 3rd tags up, SCORES, no throw by CF
Batting: LHB Hsui-chuan Tsou 0-0: Called Strike
0-1: Ball
1-1: Grounds into double play, 1-6-3 (Groundball, 13S, EV 69.4 MPH)
Top of the 5th over - 1 run, 1 hit, 0 errors, 0 left on base; Grand Forks 3 - Mancelona 0
BOTTOM OF THE 5TH
Mancelona Torch batting - Pitching for Grand Forks Caterpillars : LHP Mark Greenwood
Batting: RHB Izaak Gerkis 0-0: Ball
1-0: Foul Ball, location: 2F
1-1: Foul Ball, location: 2F
1-2: Ball
2-2: Fly out, F8 (Flyball, 8LD, EV 90.0 MPH)
Batting: SHB Silvio Capitanio 0-0: Called Strike
0-1: SOLO HOME RUN (Flyball, 7D, EV 100.0 MPH), Distance : 369 ft
Batting: RHB Ken Joyner 0-0: Called Strike
0-1: SINGLE (Line Drive, 9LS, EV 95.6 MPH)
Batting: RHB Joe Havermeyer 0-0: Called Strike
0-1: Foul Ball, location: 2F
0-2: Foul Ball, location: 2F
0-2: Ball
1-2: Foul Ball, location: 2F
1-2: Strikes out swinging
Batting: LHB Jared Schneider 0-0: Swinging Strike
0-1: Ball
1-1: Swinging Strike
1-2: Ball
2-2: Strikes out looking
Bottom of the 5th over - 1 run, 2 hits, 0 errors, 1 left on base; Grand Forks 3 - Mancelona 1
TOP OF THE 6TH
Grand Forks Caterpillars batting - Pitching for Mancelona Torch : RHP Yong-oon Cho
Batting: RHB Sam McConnell 0-0: Called Strike
0-1: Swinging Strike
0-2: Ball
1-2: Strikes out swinging
Batting: RHB Joe Galonzo 0-0: Ball
1-0: Ball
2-0: Ball
3-0: Foul Ball, location: 2F
3-1: Swinging Strike
3-2: Strikes out swinging
Batting: RHB Eugene Bradley 0-0: SINGLE (Flyball, 78M, EV 90.6 MPH)
Batting: RHB Bert Allison 0-0: Called Strike
Pickoff Throw to First - Error! E1
Eugene Bradley to second
0-1: Ball
1-1: Ball
2-1: Ball
3-1: Called Strike
3-2: Fly out, F7 (Flyball, 7LD, EV 88.1 MPH)
Top of the 6th over - 0 runs, 1 hit, 1 error, 1 left on base; Grand Forks 3 - Mancelona 1
BOTTOM OF THE 6TH
Mancelona Torch batting - Pitching for Grand Forks Caterpillars : LHP Mark Greenwood
Batting: RHB Tristan Powell 0-0: Swinging Strike
0-1: Ball
1-1: Ball
2-1: Foul Ball, location: 2F
2-2: Ball
3-2: Strikes out swinging
Batting: RHB Thinley Tshering 0-0: Ball
1-0: Called Strike
1-1: Foul Ball, location: 2F
1-2: Ball
2-2: Ball
3-2: Ground out 1-3 (Groundball, 15, EV 81.9 MPH)
Batting: RHB Cam Lumsden 0-0: Ball
1-0: Ball
2-0: Called Strike
2-1: Foul Ball, location: 2F
2-2: Ball
3-2: Foul Ball, location: 2F
3-2: Fly out, F3 (Popup, 23F, EV 92.5 MPH)
Bottom of the 6th over - 0 runs, 0 hits, 0 errors, 0 left on base; Grand Forks 3 - Mancelona 1
TOP OF THE 7TH
Grand Forks Caterpillars batting - Pitching for Mancelona Torch : RHP Yong-oon Cho
Pitching: LHP Zedekiah Brenneman
Batting: LHB Armando Ventura 0-0: Ball
1-0: SINGLE (Line Drive, 34D, EV 109.4 MPH)
Batting: SHB César Enríques 0-0: Foul Ball, location: 2F
0-1: Ball
1-1: Grounds into double play, 5-4-3 (Groundball, 5, EV 84.4 MPH)
Batting: LHB Keaton Kringlen 0-0: Swinging Strike
0-1: Ball
1-1: Ball
2-1: Called Strike
2-2: Ball
3-2: Fly out, F9 (Flyball, 9, EV 91.9 MPH)
Top of the 7th over - 0 runs, 1 hit, 0 errors, 0 left on base; Grand Forks 3 - Mancelona 1
BOTTOM OF THE 7TH
Mancelona Torch batting - Pitching for Grand Forks Caterpillars : LHP Mark Greenwood
Pitching: LHP Félix Cordero
Batting: RHB Cristóbal Arroyo 0-0: Ball
1-0: Swinging Strike
1-1: Ball
2-1: Swinging Strike
2-2: Strikes out swinging
Batting: RHB Izaak Gerkis 0-0: Called Strike
0-1: Ball
1-1: Ball
2-1: Fly out, F8 (Line Drive, 8LD, EV 86.2 MPH)
Batting: SHB Silvio Capitanio 0-0: Ball
1-0: Swinging Strike
1-1: Ball
2-1: Foul Ball, location: 2F
2-2: Strikes out looking
Bottom of the 7th over - 0 runs, 0 hits, 0 errors, 0 left on base; Grand Forks 3 - Mancelona 1
TOP OF THE 8TH
Grand Forks Caterpillars batting - Pitching for Mancelona Torch : LHP Zedekiah Brenneman
Batting: RHB Dima Tabakaev 0-0: Fly out, F9 (Flyball, 9LMF, EV 105.6 MPH)
Batting: LHB Hsui-chuan Tsou 0-0: Called Strike
0-1: Ball
1-1: Ball
2-1: Swinging Strike
2-2: Ball
3-2: Strikes out looking
Batting: RHB Sam McConnell 0-0: Ball
1-0: Ball
2-0: Ball
3-0: Base on Balls
Batting: RHB Joe Galonzo 0-0: Foul Ball, location: 2F
0-1: Swinging Strike
0-2: Foul Ball, location: 2F
0-2: Ball
1-2: Strikes out swinging
Top of the 8th over - 0 runs, 0 hits, 0 errors, 1 left on base; Grand Forks 3 - Mancelona 1
BOTTOM OF THE 8TH
Mancelona Torch batting - Pitching for Grand Forks Caterpillars : LHP Félix Cordero
Batting: RHB Ken Joyner 0-0: Called Strike
0-1: Ball
1-1: Called Strike
1-2: Ground out 5-3 (Groundball, 56, EV 88.1 MPH)
Batting: RHB Joe Havermeyer 0-0: Ball
1-0: Foul Ball, location: 2F
1-1: Foul Ball, location: 2F
1-2: Ball
2-2: Strikes out swinging
Batting: LHB Jared Schneider 0-0: Ball
1-0: Foul Ball, location: 2F
1-1: Called Strike
1-2: Ball
2-2: Foul Ball, location: 2F
2-2: Strikes out looking
Bottom of the 8th over - 0 runs, 0 hits, 0 errors, 0 left on base; Grand Forks 3 - Mancelona 1
TOP OF THE 9TH
Grand Forks Caterpillars batting - Pitching for Mancelona Torch : LHP Zedekiah Brenneman
Batting: RHB Eugene Bradley 0-0: SINGLE (Line Drive, 6D, EV 99.4 MPH)
Pitching: LHP Diyaa Ababneh
Batting: RHB Bert Allison 0-0: Ball
1-0: Swinging Strike
1-1: Ball
2-1: Ball
3-1: Foul Ball, location: 2F
3-2: Foul Ball, location: 2F
3-2: Strikes out looking
Batting: LHB Armando Ventura 0-0: Ball
1-0: Swinging Strike
1-1: Ball
2-1: Swinging Strike
2-2: Ball
3-2: Strikes out swinging
Batting: SHB César Enríques 0-0: Called Strike
0-1: Fly out, F8 (Flyball, 8LD, EV 93.1 MPH)
Top of the 9th over - 0 runs, 1 hit, 0 errors, 1 left on base; Grand Forks 3 - Mancelona 1
BOTTOM OF THE 9TH
Mancelona Torch batting - Pitching for Grand Forks Caterpillars : LHP Félix Cordero
Pitching: RHP Ludovic Laurent
Now at 3B: Alfredo Guerrero
Now in LF: Jeet Kandathil
Batting: RHB Tristan Powell 0-0: Ball
1-0: Called Strike
1-1: Ball
2-1: Foul Ball, location: 2F
2-2: Ball
3-2: Strikes out swinging
Batting: RHB Thinley Tshering 0-0: Ball
1-0: Ball
2-0: Called Strike
2-1: Ball
3-1: Base on Balls
Batting: RHB Cam Lumsden 0-0: Ball
1-0: Called Strike
1-1: Grounds into double play, 6-4-3 (Groundball, 6, EV 88.8 MPH)
Bottom of the 9th over - 0 runs, 0 hits, 0 errors, 0 left on base; Grand Forks 3 - Mancelona 1
Friday, April 17th, 2020 - OOTP Baseball 20.8 Build 74